BSA
AUSTIN RIVER SHARKS @ POCATELLO BOCCABELLAS
07/27/2027
 
TOP OF THE 1ST
Austin River Sharks batting - Pitching for Pocatello Boccabellas : RHP Kevin Bush
Pitching: RHP Kevin Bush
Batting: RHB Orlando Bruno 0-0: Called Strike
0-1: Ball
1-1: Ball
2-1: Ground out 6-3 (Groundball, 6)
Batting: RHB Carlos Guzmán 0-0: Called Strike
0-1: Swinging Strike
0-2: Foul Ball, location: 2F
0-2: DOUBLE (Line Drive, 89XD)
Batting: SHB Juan Castro 0-0: Ball
1-0: SINGLE (Line Drive, 8LS)
Carlos Guzmán to third
Runner from 3rd tries for Home, SAFE, throw made home
Batting: LHB Pedro Zaragoza 0-0: DOUBLE (Line Drive, 7LM)
Juan Castro to third
Batting: RHB Kenneth Roberts 0-0: Called Strike
0-1: Fly out, F7 (Flyball, 7)
Runner from 3rd tags up, OUT at HOME
Top of the 1st over - 1 run(s), 3 hit(s), 0 error(s), 1 left on base; Austin 1 - Pocatello 0
BOTTOM OF THE 1ST
Pocatello Boccabellas batting - Pitching for Austin River Sharks : LHP Dave Watkins
Pitching: LHP Dave Watkins
Batting: RHB Tomás Carranza 0-0: Ball
1-0: Ball
2-0: Ground out 5-3 (Groundball, 56S)
Batting: RHB Manny Copriviza 0-0: Ball
1-0: Ball
2-0: Ball
3-0: Base on Balls
Batting: RHB Marlon Phipps 0-0: Ball
1-0: Ball
2-0: Foul Ball, location: 2F
2-1: Ball
3-1: Foul Ball, location: 2F
3-2: Base on Balls
Manny Copriviza to second
Batting: LHB Juan Cortés 0-0: Ball
1-0: Ball
2-0: Fielders Choice at 2nd, 1-6 (Groundball, 13)
Manny Copriviza to third
Batting: RHB Francisco Sandoval 0-0: Ball
1-0: Ball
2-0: Foul Ball, location: 2F
2-1: Foul Ball, location: 2F
2-2: Ball
3-2: Base on Balls
Juan Cortés to second
Batting: SHB Nick Cox 0-0: Ball
1-0: Foul Ball, location: 2F
1-1: Ball
2-1: Ball
3-1: Swinging Strike
3-2: Base on Balls
Manny Copriviza scores
Juan Cortés to third
Francisco Sandoval to second
Batting: RHB Jeremy Carr 0-0: Ball
1-0: Ball
2-0: Ball
Balk!
Juan Cortés scores
Francisco Sandoval to third
Nick Cox to second
3-0: Base on Balls
Batting: RHB José Delgado 0-0: Ball
1-0: Fly out, F9 (Line Drive, 9)
Bottom of the 1st over - 2 run(s), 0 hit(s), 0 error(s), 3 left on base; Austin 1 - Pocatello 2
TOP OF THE 2ND
Austin River Sharks batting - Pitching for Pocatello Boccabellas : RHP Kevin Bush
Batting: LHB Harry Pitts 0-0: Ball
1-0: Swinging Strike
1-1: Swinging Strike
1-2: Ball
2-2: Strikes out looking
Batting: LHB Terry Maloney 0-0: Foul Ball, location: 2F
0-1: Called Strike
0-2: Ball
1-2: Strikes out swinging
Batting: RHB Clark Hodge 0-0: Called Strike
0-1: Swinging Strike
0-2: Strikes out looking
Top of the 2nd over - 0 run(s), 0 hit(s), 0 error(s), 0 left on base; Austin 1 - Pocatello 2
BOTTOM OF THE 2ND
Pocatello Boccabellas batting - Pitching for Austin River Sharks : LHP Dave Watkins
Batting: RHB Chris Parker 0-0: Ball
1-0: Foul Ball, location: 2F
1-1: Swinging Strike
1-2: Foul Ball, location: 2F
1-2: Ball
2-2: Foul Ball, location: 2F
2-2: Ground out 3-1 (Groundball, 34)
Batting: RHB Tomás Carranza 0-0: Ball
1-0: Called Strike
1-1: Ball
2-1: SINGLE (Groundball, 4M) (infield hit)
Batting: RHB Manny Copriviza 0-0: Called Strike
Tomás Carranza is caught stealing 2nd base
0-1: Ball
1-1: Called Strike
1-2: Foul Ball, location: 2F
1-2: Ball
2-2: Ball
3-2: Fly out, F8 (Flyball, 8LD)
Bottom of the 2nd over - 0 run(s), 1 hit(s), 0 error(s), 0 left on base; Austin 1 - Pocatello 2
TOP OF THE 3RD
Austin River Sharks batting - Pitching for Pocatello Boccabellas : RHP Kevin Bush
Batting: SHB Juan Acevado 0-0: Ball
1-0: Swinging Strike
1-1: Foul Ball, location: 2F
1-2: Ball
2-2: Strikes out swinging
Batting: RHB Orlando Bruno 0-0: Ball
1-0: Ground out 6-3 (Groundball, 6)
Batting: RHB Carlos Guzmán 0-0: Ball
1-0: Swinging Strike
1-1: Swinging Strike
1-2: Strikes out swinging
Top of the 3rd over - 0 run(s), 0 hit(s), 0 error(s), 0 left on base; Austin 1 - Pocatello 2
BOTTOM OF THE 3RD
Pocatello Boccabellas batting - Pitching for Austin River Sharks : LHP Dave Watkins
Batting: RHB Marlon Phipps 0-0: Ball
1-0: Fly out, F7 (Flyball, 78M)
Batting: LHB Juan Cortés 0-0: Ball
1-0: Swinging Strike
1-1: Foul Ball, location: 2F
1-2: Ball
2-2: Foul Ball, location: 2F
2-2: Ball
3-2: Foul Ball, location: 2F
3-2: SINGLE (Groundball, 6D)
Batting: RHB Francisco Sandoval 0-0: Ball
1-0: Ball
2-0: Called Strike
2-1: Foul Ball, location: 2F
2-2: Foul Ball, location: 2F
2-2: Ball
3-2: SINGLE (Line Drive, 6MD)
Juan Cortés to second
Juan Cortés to third
Batting: SHB Nick Cox 0-0: Ball
1-0: Ball
2-0: Ball
3-0: Base on Balls
Francisco Sandoval to second
Batting: RHB Jeremy Carr 0-0: Foul Ball, location: 2F
0-1: Ball
1-1: Ball
2-1: Ball
3-1: Fly out, F8 (Flyball, 89D)
Runner from 3rd tags up, SCORES, no throw
Francisco Sandoval to third
Batting: RHB José Delgado 0-0: Ground out 5-3 (Groundball, 56S)
Bottom of the 3rd over - 1 run(s), 2 hit(s), 0 error(s), 2 left on base; Austin 1 - Pocatello 3
TOP OF THE 4TH
Austin River Sharks batting - Pitching for Pocatello Boccabellas : RHP Kevin Bush
Batting: SHB Juan Castro 0-0: Ball
1-0: Called Strike
1-1: Ground out 4-3 (Groundball, 4)
Batting: LHB Pedro Zaragoza 0-0: Ground out 1-3 (Groundball, 13)
Batting: RHB Kenneth Roberts 0-0: SOLO HOME RUN (Flyball, 7D), Distance : 379 ft
Batting: LHB Harry Pitts 0-0: Called Strike
0-1: Called Strike
0-2: Strikes out swinging
Top of the 4th over - 1 run(s), 1 hit(s), 0 error(s), 0 left on base; Austin 2 - Pocatello 3
BOTTOM OF THE 4TH
Pocatello Boccabellas batting - Pitching for Austin River Sharks : LHP Dave Watkins
Batting: RHB Chris Parker 0-0: Ball
1-0: Fly out, F9 (Flyball, 9S)
Batting: RHB Tomás Carranza 0-0: Ball
1-0: Ball
2-0: SINGLE (Line Drive, 6) (infield hit)
Batting: RHB Manny Copriviza 0-0: Ball
1-0: Ball
2-0: SINGLE (Line Drive, 6MD)
Tomás Carranza to second
Batting: RHB Marlon Phipps 0-0: Ball
1-0: Ball
2-0: Ball
3-0: Base on Balls
Tomás Carranza to third
Manny Copriviza to second
Batting: LHB Juan Cortés 0-0: Ball
1-0: Called Strike
1-1: Ground out 4-3 (Groundball, 4S)
Tomás Carranza scores
Manny Copriviza to third
Marlon Phipps to second
Batting: RHB Francisco Sandoval 0-0: Ball
1-0: Ball
2-0: Foul Ball, location: 2F
2-1: Ball
3-1: Base on Balls
Batting: SHB Nick Cox 0-0: Called Strike
0-1: Ball
1-1: Ball
2-1: SINGLE (Flyball, 9LS)
Manny Copriviza scores
Marlon Phipps to third
Francisco Sandoval to second
Runner from 3rd tries for Home, SAFE, no throw
Pitching: RHP Ramón Estrada
Batting: RHB Jeremy Carr 0-0: Fielders Choice at 2nd, 5-4 (Groundball, 56)
Bottom of the 4th over - 3 run(s), 3 hit(s), 0 error(s), 1 left on base; Austin 2 - Pocatello 6
TOP OF THE 5TH
Austin River Sharks batting - Pitching for Pocatello Boccabellas : RHP Kevin Bush
Batting: LHB Terry Maloney 0-0: Called Strike
0-1: Swinging Strike
0-2: Ball
1-2: Strikes out swinging
Batting: RHB Clark Hodge 0-0: Called Strike
0-1: Foul Ball, location: 2F
0-2: Strikes out swinging
Batting: SHB Juan Acevado 0-0: Foul Ball, location: 2F
0-1: Swinging Strike
0-2: Foul Ball, location: 2F
0-2: Ball
1-2: Foul Ball, location: 2F
1-2: Strikes out swinging
Top of the 5th over - 0 run(s), 0 hit(s), 0 error(s), 0 left on base; Austin 2 - Pocatello 6
BOTTOM OF THE 5TH
Pocatello Boccabellas batting - Pitching for Austin River Sharks : RHP Ramón Estrada
Batting: RHB José Delgado 0-0: Ball
1-0: Swinging Strike
1-1: Swinging Strike
1-2: Ball
2-2: Foul Ball, location: 2F
2-2: Ground out 1-3 (Groundball, P)
Batting: RHB Chris Parker 0-0: Ground out 6-3 (Groundball, 56)
Batting: RHB Tomás Carranza 0-0: Ball
1-0: Called Strike
1-1: Fly out, F9 (Line Drive, 89M)
Bottom of the 5th over - 0 run(s), 0 hit(s), 0 error(s), 0 left on base; Austin 2 - Pocatello 6
TOP OF THE 6TH
Austin River Sharks batting - Pitching for Pocatello Boccabellas : RHP Kevin Bush
Batting: RHB Orlando Bruno 0-0: Ball
1-0: Ball
2-0: DOUBLE (Groundball, 5L)
Batting: RHB Carlos Guzmán 0-0: Ball
1-0: Foul Ball, location: 2F
1-1: Foul Ball, location: 2F
1-2: Strikes out swinging
Batting: SHB Juan Castro 0-0: Ball
1-0: Called Strike
1-1: Ball
2-1: SINGLE (Line Drive, 78M)
Orlando Bruno to third
Batting: LHB Pedro Zaragoza 0-0: Called Strike
0-1: Grounds into double play, 4-6-3 (Groundball, 4)
Top of the 6th over - 0 run(s), 2 hit(s), 0 error(s), 1 left on base; Austin 2 - Pocatello 6
BOTTOM OF THE 6TH
Pocatello Boccabellas batting - Pitching for Austin River Sharks : RHP Ramón Estrada
Batting: RHB Manny Copriviza 0-0: Called Strike
0-1: Foul Ball, location: 2F
0-2: Strikes out swinging
Batting: RHB Marlon Phipps 0-0: Swinging Strike
0-1: Ball
1-1: Ball
2-1: Ball
3-1: Called Strike
3-2: Base on Balls
Batting: LHB Juan Cortés 0-0: Swinging Strike
0-1: Ball
1-1: Ball
2-1: Foul Ball, location: 2F
2-2: Ball
3-2: Base on Balls
Marlon Phipps to second
Batting: RHB Francisco Sandoval 0-0: Ball
1-0: Foul Ball, location: 2F
1-1: Fly out, F7 (Flyball, 7LDF)
Batting: SHB Nick Cox 0-0: Ball
1-0: Called Strike
1-1: Called Strike
1-2: Strikes out swinging
Bottom of the 6th over - 0 run(s), 0 hit(s), 0 error(s), 2 left on base; Austin 2 - Pocatello 6
TOP OF THE 7TH
Austin River Sharks batting - Pitching for Pocatello Boccabellas : RHP Kevin Bush
Batting: RHB Kenneth Roberts 0-0: Called Strike
0-1: Called Strike
0-2: Ball
1-2: Foul Ball, location: 2F
1-2: Ball
2-2: Ball
3-2: Foul Ball, location: 2F
3-2: Ground out 2-3 (Groundball, 15S)
Batting: LHB Harry Pitts 0-0: Ground out 4-3 (Groundball, 4)
Batting: LHB Terry Maloney 0-0: Ground out 1-3 (Groundball, 15S)
Top of the 7th over - 0 run(s), 0 hit(s), 0 error(s), 0 left on base; Austin 2 - Pocatello 6
BOTTOM OF THE 7TH
Pocatello Boccabellas batting - Pitching for Austin River Sharks : RHP Ramón Estrada
Batting: RHB Jeremy Carr 0-0: Ball
1-0: Called Strike
1-1: Foul Ball, location: 2F
1-2: SOLO HOME RUN (Flyball, 7D), Distance : 374 ft
Batting: RHB José Delgado 0-0: Foul Ball, location: 2F
0-1: Ball
1-1: Foul Ball, location: 2F
1-2: Ball
2-2: Foul Ball, location: 2F
2-2: Ground out 4-3 (Groundball, 34)
Batting: RHB Chris Parker 0-0: Ground out 6-3 (Groundball, 6)
Batting: RHB Tomás Carranza 0-0: Ball
1-0: Called Strike
1-1: Ball
2-1: Foul Ball, location: 2F
2-2: Strikes out looking
Bottom of the 7th over - 1 run(s), 1 hit(s), 0 error(s), 0 left on base; Austin 2 - Pocatello 7
TOP OF THE 8TH
Austin River Sharks batting - Pitching for Pocatello Boccabellas : RHP Kevin Bush
Batting: RHB Clark Hodge 0-0: Called Strike
0-1: Foul Ball, location: 2F
0-2: Ball
1-2: Strikes out swinging
Batting: SHB Juan Acevado 0-0: Called Strike
0-1: Foul Ball, location: 2F
0-2: Strikes out swinging
Batting: RHB Orlando Bruno 0-0: Swinging Strike
0-1: Ball
1-1: Ball
2-1: Reached on error, E5 (Groundball, 56S)
Batting: RHB Carlos Guzmán 0-0: Called Strike
0-1: Swinging Strike
0-2: Strikes out swinging
Top of the 8th over - 0 run(s), 0 hit(s), 1 error(s), 1 left on base; Austin 2 - Pocatello 7
BOTTOM OF THE 8TH
Pocatello Boccabellas batting - Pitching for Austin River Sharks : RHP Ramón Estrada
Batting: RHB Manny Copriviza 0-0: Called Strike
0-1: SOLO HOME RUN (Flyball, 7D), Distance : 387 ft
Batting: RHB Marlon Phipps 0-0: Called Strike
0-1: DOUBLE (Line Drive, 7D)
Batting: LHB Juan Cortés 0-0: Foul Ball, location: 2F
0-1: Ball
1-1: Ball
2-1: Fly out, F7 (Flyball, 7)
Pitching: RHP José Pérez
Batting: RHB Francisco Sandoval 0-0: Fly out, F7 (Line Drive, 7)
Batting: SHB Nick Cox 0-0: Ball
1-0: Foul Ball, location: 2F
1-1: Called Strike
1-2: Ball
2-2: Ball
3-2: Foul Ball, location: 2F
3-2: Base on Balls
Batting: RHB Jeremy Carr 0-0: Fly out, F8 (Flyball, 8RM)
Bottom of the 8th over - 1 run(s), 2 hit(s), 0 error(s), 2 left on base; Austin 2 - Pocatello 8
TOP OF THE 9TH
Austin River Sharks batting - Pitching for Pocatello Boccabellas : RHP Kevin Bush
Batting: SHB Juan Castro 0-0: Foul Ball, location: 2F
0-1: Ball
1-1: Ball
2-1: Ground out 4-3 (Groundball, 4D)
Batting: LHB Pedro Zaragoza 0-0: Ground out 5-3 (Groundball, 56)
Batting: RHB Kenneth Roberts 0-0: Ball
1-0: Called Strike
1-1: Called Strike
1-2: Strikes out swinging
Top of the 9th over - 0 run(s), 0 hit(s), 0 error(s), 0 left on base; Austin 2 - Pocatello 8
Thursday, March 30th, 2017 - OOTP Baseball 17.12 Build 75